 Dungeon Crawl Stone Soup version 0.30.1-11-g7821555f0a (webtiles) character file.

Game seed: 6946307080827445454

738 jagang the Slasher (level 7, 0/56 HPs)
             Began as a Barachi Monk on Nov 1, 2023.
             Slain by an ogre
             ... wielding a +0 giant club
              (29 damage)
             ... on level 4 of the Dungeon.
             The game lasted 00:07:25 (3294 turns).

jagang the Slasher (Barachi Monk)                   Turns: 3294, Time: 00:07:25

Health: 0/56       AC:  8    Str: 12    XL:     7   Next: 75%
Magic:  7/7        EV: 13    Int: 11    God:
Gold:   236        SH:  0    Dex: 18    Spells: 6/6 levels left

rFire   . . .        r - +5 short sword of Circularity {heavy, Fragile rPois Dex+2}
rCold   . . .        d - orb {light}
rNeg    . . .        f - +0 ring mail
rPois   +            (no helmet)
rElec   .            (no cloak)
rCorr   .            (no gloves)
SInv    .            k - +1 pair of boots
Will    +....        (no amulet)
Stlth   +            h - ring of willpower
HPRegen 0.29/turn    (no ring)
MPRegen 0.10/turn

%: no passive effects
@: glowing, slow
A: amphibious, slowness 1, strong legs 1, +LOS
a: Hop


You were on level 4 of the Dungeon.
You visited 1 branch of the dungeon, and saw 4 of its levels.

You collected 236 gold pieces.

Inventory:

Hand Weapons
 a - a +0 falchion
 r - the +5 short sword of Circularity (weapon) {heavy, Fragile rPois Dex+2}
   (You found it on level 3 of the Dungeon)

   Dex:       It affects your dexterity (+2).
   rPois:     It protects you from poison.
   Fragile:   It will be destroyed if unequipped.
 x - a +0 long sword
Missiles
 p - 6 boomerangs
 y - 2 javelins (quivered)
Armour
 d - an orb of light (worn)
 f - a +0 ring mail (worn)
 i - a +0 buckler
 k - a +1 pair of boots (worn)
Jewellery
 e - a ring of flight
 h - a ring of willpower (left hand)
 t - a +6 ring of strength
Wands
 u - a wand of mindburst (19)
 v - a wand of flame (8)
Scrolls
 b - a scroll of immolation {unknown}
 g - a scroll of teleportation {unknown}
 l - a scroll of vulnerability
 m - 2 scrolls of torment
Potions
 c - 3 potions of ambrosia
 j - 2 potions of invisibility {unknown}
 n - a potion of heal wounds {unknown}
 o - 4 potions of curing {unknown}
 q - a potion of flight {unknown}
 s - 2 potions of lignification {unknown}
 w - a potion of brilliance {unknown}


   Skills:
 + Level 5.5 Fighting
 * Level 7.6 Long Blades
 + Level 3.7 Armour
 + Level 5.1 Dodging
 - Level 0.1 Stealth


You had 6 spell levels left.
You didn't know any spells.
Your spell library contained the following spells:

 Spells                   Type           Power      Damage    Failure   Level
 Cigotuvi's Dreadful Rot  Necr/Pois/Air  0%         N/A       75%         2
 Dispel Undead            Necr           0%         3d6       100%        4
 Death Channel            Necr           0%         N/A       100%        6


Dungeon Overview and Level Annotations

Branches:
Dungeon (4/15)
 Temple: D:4-7

Altars:
Trog

Shops:
D:1 (


Innate Abilities, Weirdness & Mutations

You are amphibious.
You cover ground slowly.
You can hop short distances.
You have an extended range of vision and can be seen from far away.


Message History

Press: ? - help, Q - select action, (/) - cycle Shift-Dir - straight line, f - adder
Aim: an adder (46% to hit)
You throw a javelin. The javelin pierces through the adder.
The adder is heavily wounded.
Throw: 4 javelins
Press: ? - help, Q - select action, (/) - cycle Shift-Dir - straight line, f/p - adder
Aim: an adder (heavily wounded, 46% to hit)
You throw a javelin. The javelin misses the adder.
A giant cockroach comes into view.
Throw: 3 javelins
Press: ? - help, Q - select action, (/) - cycle Shift-Dir - straight line, f/p - adder
Aim: an adder (heavily wounded, haloed, 63% to hit)
You throw a javelin. The javelin pierces through the adder.
The adder is severely wounded.
A hobgoblin comes into view.
The iguana hisses menacingly.
The ogre attacks as you move away! The ogre barely misses you.
The ogre closely misses you. The ogre attacks as you move away!
The ogre closely misses you.
Throw: 2 javelins
Press: ? - help, Q - select action, (/) - cycle Shift-Dir - straight line, f/p - adder
Aim: an adder (severely wounded, haloed, 63% to hit)
Okay, then.
You hit the ogre.
The ogre is lightly wounded.
The ogre completely misses you.
You hit the ogre.
The ogre is moderately wounded.
The ogre hits you with a +0 giant club!!
Ouch! That really hurt!
You hit the ogre.
The ogre is moderately wounded.
You puncture the ogre!
The ogre is severely wounded.
The ogre misses you.
You hit the ogre.
The ogre is severely wounded.
The ogre hits you with a +0 giant club!!
Ouch! That really hurt!
You die...

###.#.# ##.......## ##.##.#
#####....###...[.....####...#.#
..........>+.........'........#
####......##.........####...#.#
#.#.#..###.......## ##.##.#
##)###..# ##.....## ####.#
#.......# ##...## #.# #..####.#
##'## #.# #.......# #@# #.#
#.####### #O# ..# #.# #S# ###
#.#


lBg #.# ..... #.# ##..... #.. ##...g. #. ......( #...(.## You could see an ogre,
an iguana, an adder, a giant cockroach and a hobgoblin.

Vanquished Creatures
  Grinder (D:3)
  2 black bears
  A phantom (D:4)
  A jelly (D:4)
  An orc priest (D:3)
  An iguana (D:4)
  A sleepcap (D:4)
  Ijyb (D:4)
  The ghost of middlethird the Cudgeller, a weakling VSMo (D:3)
  5 adders
  An ufetubus (D:4)
  A worm (D:2)
  A dart slug (D:3)
  8 orcs
  12 ball pythons
  6 endoplasms
  5 giant cockroaches
  6 goblins
  5 hobgoblins
  10 jackals
  A quokka (D:4)
  3 bats
  7 frilled lizards
  3 kobolds
  5 rats
89 creatures vanquished.

Notes
Turn   | Place    | Note
-------+----------+-------------------------------------------
     0 | D:1      | jagang the Barachi Monk began the quest for the Orb.
     0 | D:1      | Reached XP level 1. HP: 18/18 MP: 1/1
    23 | D:1      | Found Daegot's Antique Weapon Boutique.
   182 | D:1      | Reached XP level 2. HP: 25/25 MP: 2/2
   187 | D:1      | Reached skill level 4 in Long Blades
   648 | D:1      | Reached XP level 3. HP: 20/30 MP: 3/3
  1102 | D:2      | Reached skill level 5 in Long Blades
  1111 | D:2      | Reached XP level 4. HP: 26/37 MP: 4/4
  1996 | D:3      | Found a runed translucent door.
  1997 | D:3      | Identified the +5 short sword of Circularity {heavy,
                  | Fragile rPois Dex+2}
  2003 | D:3      | Noticed middlethird's ghost (weakling VSMo)
  2024 | D:3      | Killed middlethird's ghost
  2025 | D:3      | Reached skill level 1 in Armour
  2127 | D:3      | Reached XP level 5. HP: 42/42 MP: 5/5
  2136 | D:3      | Found a bloodstained altar of Trog.
  2428 | D:3      | Noticed a black bear
  2437 | D:3      | Killed a black bear
  2438 | D:3      | Reached skill level 6 in Long Blades
  2438 | D:3      | Reached XP level 6. HP: 45/49 MP: 6/6
  2512 | D:3      | Noticed Grinder
  2528 | D:3      | Killed Grinder
  2529 | D:3      | Reached skill level 5 in Fighting
  2529 | D:3      | Reached XP level 7. HP: 15/56 MP: 7/7
  2808 | D:4      | Reached skill level 7 in Long Blades
  2938 | D:4      | Reached skill level 5 in Dodging
  3117 | D:4      | Noticed Ijyb
  3130 | D:4      | Killed Ijyb
  3294 | D:4      | Slain by an ogre

Illustrated notes

Levels and vault maps discovered:
D:1:      amcnicky_arrival_flooded_fountain, layout_basic, serial_shops,
          nicolae_square_shop, wander_ebering_terrifying_dragon_lair
D:2:      layout_basic, kennysheep_generic_room_4
D:3:      minmay_octagon_keep, layout_loops_cross, amcnicky_altar_gilded,
          ebering_ghost_sewer_d, amcnicky_mini_pool_small, uniq_grinder
D:4:      layout_loops_corners, uniq_ijyb

Skill      XL: |  1  2  3  4  5  6  7 |
---------------+----------------------+-----
Long Blades    | 4 5 6 7 |  7.6
Fighting       | 4 5 |  5.5
Armour         | 1 2 3 |  3.7
Dodging        | 4 5 |  5.1
Stealth        | |  0.1

Action                     |  1- 3 |  4- 6 |  7- 9 || total
---------------------------+-------+-------+-------++-------
  Melee: Falchion          |   115 |    45 |       ||   160
         Short sword       |       |    47 |    51 ||    98
  Throw: Boomerang         |       |     2 |       ||     2
         Javelin           |       |     4 |     3 ||     7
  Evoke: Wand              |       |     3 |       ||     3
    Use: Potion            |       |     1 |       ||     1
         Scroll            |       |       |     4 ||     4
 Armour: Robe              |     1 |       |       ||     1
         Ring mail         |    46 |    26 |    21 ||    93
  Dodge: Dodged            |    87 |    63 |    34 ||   184
